 Dungeon Crawl Stone Soup version 0.30-a0-390-g80c34de65d (webtiles) character file.

Game seed: 13816928640861622860

669 arthad the Shield-Bearer (level 7, -4/44 HPs)
             Began as a Gargoyle Fighter on Dec 4, 2022.
             Was an Initiate of Makhleb.
             Slain by Prince Ribbit (6 damage)
             ... on level 5 of the Dungeon.
             The game lasted 00:07:50 (4440 turns).

arthad the Shield-Bearer (Gargoyle Fighter)         Turns: 4440, Time: 00:07:51

Health: -4/44      AC: 14    Str: 22    XL:     7   Next: 58%
Magic:  7/7        EV:  9    Int:  8    God:    Makhleb [......]
Gold:   247        SH:  5    Dex:  9    Spells: 6/6 levels left

rFire   . . .      SeeInvis .    B - +4 rapier (chaos)
rCold   . . .      Faith    .    c - +0 buckler
rNeg    + . .      Spirit   .    b - +0 scale mail
rPois   ∞          Reflect  .    q - +0 helmet
rElec   +          Harm     .    n - +0 cloak
rCorr   .          Rampage  .    (no gloves)
Will    .....                    (no boots)
Stlth   ..........               (no amulet)
HPRegen 0.27/turn                (no ring)
MPRegen 0.10/turn                (no ring)

@: hasted, very quick
A: sickness immunity, AC +4, negative energy resistance 1, electricity
resistance, torment resistance 1, petrification resistance
a: Renounce Religion


You were on level 5 of the Dungeon.
You worshipped Makhleb.
Makhleb was noncommittal.
You visited 2 branches of the dungeon, and saw 6 of its levels.

You collected 247 gold pieces.

Inventory:

Hand Weapons
 a - a +0 flail
 e - a +0 flail of protection
 B - a +4 rapier of chaos (weapon)
Missiles
 k - 2 atropa-tipped darts (quivered)
 m - 18 poisoned darts
Armour
 b - a +0 scale mail (worn)
 c - a +0 buckler (worn)
 n - a +0 cloak (worn)
 q - a +0 helmet (worn)
 x - the +2 robe "Yreuter" {Int+3}
   (You found it on level 4 of the Dungeon)

   Int:       It affects your intelligence (+3).
Wands
 p - a wand of flame (7)
Scrolls
 h - 7 scrolls of identify {unknown}
 i - 4 scrolls of butterflies {unknown}
 j - 2 scrolls of fear {unknown}
 l - 5 scrolls of teleportation {unknown}
 o - 2 scrolls of noise {unknown}
 s - 2 scrolls of magic mapping {unknown}
 t - 2 scrolls of immolation {unknown}
 y - a scroll of blinking {unknown}
 z - a scroll of vulnerability {unknown}
Potions
 d - 3 potions of might
 f - a potion of degeneration
 r - a potion of attraction {unknown}
 u - a potion of mutation {unknown}
 v - a potion of flight {unknown}
 w - a potion of haste
 A - a potion of cancellation {unknown}
 C - a potion of brilliance {unknown}


   Skills:
 + Level 5.3 Fighting
 + Level 4.3 Maces & Flails
 + Level 5.4 Armour
 + Level 1.0 Dodging
 + Level 5.4 Shields


You had 6 spell levels left.
You didn't know any spells.
Your spell library contained the following spells:

 Spells                   Type           Power      Damage    Failure   Level
 Shock                    Conj/Air       0%         1d3       80%         1
 Gell's Gravitas          Tloc           0%         N/A       99%         3
 Lesser Beckoning         Tloc           0%         N/A       99%         3
 Ozocubu's Armour         Ice            0%         N/A       99%         3
 Swiftness                Air            0%         N/A       99%         3
 Teleport Other           Tloc           0%         N/A       99%         3
 Airstrike                Air            0%         2d(0-16)  100%        4
 Metabolic Englaciation   Hex/Ice        0%         N/A       100%        5
 Simulacrum               Ice/Necr       0%         N/A       100%        6


Dungeon Overview and Level Annotations

Branches:
Dungeon (5/15)             Temple (1/1) D:4

Altars:
Ashenzari
Dithmenos
Elyvilon
Fedhas
Kikubaaqudgha
Makhleb
Nemelex Xobeh
Qazlal
Sif Muna
Trog
Uskayaw
Vehumet
Xom
Zin
The Shining One

Annotations:
D:2 1 runed translucent door, Crazy Yiuf
D:5 Prince Ribbit


Innate Abilities, Weirdness & Mutations

You are immune to sickness and miasma.
Your stone body is resilient. (AC +4)
You are immune to poison.
You resist negative energy. (rN+)
You are resistant to electric shocks. (rElec)
You are resistant to unholy torment.
You are immune to petrification.


Message History

You feel invigorated.
You see here 2 atropa-tipped darts.
Unknown command.
Your +0 flail of protection goes still.
Your +4 rapier of chaos is briefly surrounded by a scintillating aura of random colours.
B - a +4 rapier of chaos (weapon)
You feel less invigorated.
You feel less confused.
You are too injured to fight recklessly!
You are too injured to fight recklessly!
You closely miss Prince Ribbit.
Prince Ribbit hits you but does no damage.
You barely miss Prince Ribbit.
Prince Ribbit catches a moth with his tongue.
Prince Ribbit closely misses you.
You hit Prince Ribbit.
Prince Ribbit resists with almost no effort.
Prince Ribbit is lightly wounded.
Prince Ribbit completely misses you.
Prince Ribbit hops awkwardly around.
Prince Ribbit hits you but does no damage.
You hit Prince Ribbit.
Prince Ribbit seems to grow stronger.
Prince Ribbit is lightly wounded.
Prince Ribbit hits you but does no damage.
You closely miss Prince Ribbit.
Prince Ribbit is lightly wounded.
Prince Ribbit blinks!
You are too injured to fight recklessly!
You are too injured to fight recklessly!
Prince Ribbit barely misses you.
You barely miss Prince Ribbit.
Prince Ribbit is lightly wounded.
Prince Ribbit hits you!
* * * LOW HITPOINT WARNING * * *
You barely miss Prince Ribbit.
Prince Ribbit is lightly wounded.
Prince Ribbit hits you!
* * * LOW HITPOINT WARNING * * *
Prince Ribbit hits you.
You die...

#.§.≈.#._ #...≈.#..
#.§.≈.### #...≈....
#####+#########..§≈≈≈≈≈
#......F.#....#........
#.....@..+....#........
#........#....'........
#.....(..#....#........
#.............#........
#######################
# # # #


You could see Prince Ribbit (strong).

Vanquished Creatures
  2 ogres (D:4)
  A necrophage (D:3)
  A scorpion (D:5)
  A hound (D:4)
  An orc priest (D:3)
  Natasha (thrice) (D:3)
  An orc wizard (D:3)
  Robin (D:2)
  3 gnolls (D:2)
  5 adders
  2 ufetubi
  2 dart slugs
  3 orcs (D:3)
  8 ball pythons
  6 endoplasms
  15 giant cockroaches
  16 goblins
  7 hobgoblins
  7 jackals
  2 quokkas
  6 bats
  3 frilled lizards
  8 kobolds
  4 rats
108 creatures vanquished.

Vanquished Creatures (others)
  A fungus (D:2)
1 creature vanquished.

Grand Total: 109 creatures vanquished

Notes
Turn   | Place    | Note
-------+----------+-------------------------------------------
     0 | D:1      | arthad the Gargoyle Fighter began the quest for the Orb.
     0 | D:1      | Reached XP level 1. HP: 14/14 MP: 1/1
   340 | D:1      | Reached XP level 2. HP: 19/19 MP: 2/2
   631 | D:1      | Reached XP level 3. HP: 22/23 MP: 3/3
  1229 | D:2      | Reached XP level 4. HP: 13/29 MP: 4/4
  1376 | D:2      | Found a faded altar of an unknown god.
  1471 | D:2      | Noticed Robin
  1480 | D:2      | Killed Robin
  1620 | D:2      | Reached XP level 5. HP: 33/33 MP: 5/5
  1738 | D:2      | Found an ancient bone altar of Kikubaaqudgha.
  1969 | D:2      | Found a runed translucent door.
  1970 | D:2      | Noticed Crazy Yiuf
  2030 | D:3      | Noticed Natasha
  2041 | D:3      | Killed Natasha
  2170 | D:3      | Reached XP level 6. HP: 27/39 MP: 6/6
  2548 | D:3      | Noticed Natasha
  2556 | D:3      | Killed Natasha
  2558 | D:3      | Noticed Natasha
  2567 | D:3      | Killed Natasha
  3079 | D:4      | Identified the +2 robe "Yreuter" {Int+3}
  3300 | D:4      | You fall into a shaft and drop 1 floor!
  3300 | D:5      | Entered Level 5 of the Dungeon
  3384 | D:4      | Reached skill level 5 in Fighting
  3384 | D:4      | Reached skill level 5 in Armour
  3384 | D:4      | Reached skill level 5 in Shields
  3384 | D:4      | Reached XP level 7. HP: 31/44 MP: 7/7
  3641 | D:4      | Found a staircase to the Ecumenical Temple.
  3656 | Temple   | Entered the Ecumenical Temple
  3759 | Temple   | Became a worshipper of Makhleb the Destroyer
  3791 | D:4      | Found a large runed translucent door.
  3792 | D:4      | Found a large runed translucent door.
  3793 | D:4      | Found a shimmering altar of Xom.
  4048 | D:4      | Paralysed by a kobold for 3 turns
  4163 | D:5      | Found a glowing silver altar of Zin.
  4303 | D:5      | Reached skill level 1 in Dodging
  4403 | D:5      | Found a blossoming altar of Fedhas.
  4410 | D:5      | Noticed Prince Ribbit
  4424 | D:5      | HP: 2/44 [Prince Ribbit (1)]
  4440 | D:5      | HP: 2/44 [Prince Ribbit (10)]
  4440 | D:5      | Slain by Prince Ribbit

Illustrated notes

Levels and vault maps discovered:
D:1:      dpeg_arrival_radiant, layout_loops_corners
D:2:      minmay_roachtagon, layout_loops_ring,
          dreamdust_ecumenical_altar_angels_and_demons, basic_altar, uniq_robin,
          uniq_crazy_yiuf_cottage
D:3:      layout_loops_ring, uniq_natasha
D:4:      due_chaos_kobolds, layout_basic, minmay_temple_entry_offerings
D:5:      layout_gridville, mainiacjoe_overflow_brackets,
          mainiacjoe_overflow_alcove_4, uniq_pikel, uniq_prince_ribbit1,
          uniq_blork_the_orc
Temple:   nicolae_temple_hex_pool

Skill      XL: |  1  2  3  4  5  6  7 |
---------------+----------------------+-----
Armour         | 4 5 |  5.4
Shields        | 4 5 |  5.4
Fighting       | 4 5 |  5.3
Maces & Flails | 3 4 |  4.3
Dodging        | 1 |  1.0

Action                   |  1- 3 |  4- 6 |  7- 9 || total
-------------------------+-------+-------+-------++-------
Melee: Flail             |   103 |   260 |    55 ||   418
       Rapier            |       |       |     7 ||     7
Throw: Dart              |       |       |     2 ||     2
Evoke: Wand              |       |       |     1 ||     1
  Use: Potion            |     2 |       |     2 ||     4
Armor: Scale mail        |    76 |   173 |    40 ||   289
       Skin              |     5 |     1 |       ||     6
Dodge: Dodged            |    70 |   133 |    29 ||   232
Block: Buckler           |    29 |    51 |    11 ||    91

Table legend: (Time is in decaauts)
 A = Elapsed time spent in this place.
 B = Non-inter-level travel time spent in this place.
 C = Inter-level travel time spent in this place.
 D = Time resting spent in this place.
 E = Time spent auto-exploring this place.
 F = Levels seen in this place.
 G = Mean time per level.
                   A        B        C        D        E       F      G
               +--------+--------+--------+--------+--------+-----+--------+
         Total |   4548 |   4261 |    287 |    226 |   3093 |   6 |  758.0 |
       Dungeon |   4433 |   4187 |    246 |    226 |   3032 |   5 |  886.6 |
        Temple |    114 |     73 |     41 |      0 |     61 |   1 |  114.0 |
               +--------+--------+--------+--------+--------+-----+--------+

Top non-repeatable levels by time:
     D:4: 1137 daAuts
     D:1: 1119 daAuts
     D:2: 954 daAuts
     D:3: 881 daAuts
     D:5: 341 daAuts
  Temple: 114 daAuts
